 Dungeon Crawl Stone Soup version 0.25.1-2-g60ff931df9 (webtiles) character file.

Game seed: 4383897524213432229

434 H0rd4k the Insei (level 7, 0/43 HPs)
             Began as an Octopode Transmuter on Aug 24, 2020.
             Killed by divine providence
             ... invoked by an orc priest
              (13 damage)
             ... on level 4 of the Dungeon on Aug 25, 2020.
             The game lasted 00:05:31 (4925 turns).

H0rd4k the Insei (Octopode Transmuter)              Turns: 4925, Time: 00:05:32

Health: 0/43       AC:  1    Str:  9      XL:     7   Next: 0%
Magic:  11/12      EV: 14    Int: 15 (17) God:
Gold:   209        SH:  4    Dex: 13      Spells: 6/12 levels left

rFire    . . .     SeeInvis .     - Unarmed
rCold    . . .     Gourm    .   (no shield)
rNeg     . . .     Faith    .   (helmet restricted)
rPois    +         Spirit   .   (no amulet)
rElec    .         Reflect  .   f - ring of poison resistance
rCorr    .         Harm     .   p - ring of flight (curse)
MR       .....     Clarity  +   (no ring)
Stlth    +++.......             (no ring)
HPRegen  0.14/turn              (no ring)
MPRegen  0.13/turn              (no ring)
                                (no ring)
                                (no ring)

@: appendage (expiring)
A: almost no armour, stealthy swim, amphibious, 8 rings, constrict 8, tentacle
spike 3, large bone plates 1, camouflage 1, clarity, deterioration 1, wild magic
1, gelatinous body 1
a: End Transformation, Evoke Flight


You were on level 4 of the Dungeon.
You were not hungry.
One of your tentacles had a temporary spike.
You visited 1 branch of the dungeon, and saw 4 of its levels.
You also visited: Ossuary.

You collected 209 gold pieces.

Inventory:

Missiles
 a - 12 arrows
Magical Staves
 m - an uncursed staff of earth
Jewellery
 f - a ring of poison resistance (left tentacle)
 p - a cursed ring of flight (right tentacle)
Scrolls
 d - 6 scrolls of identify {unknown}
 e - 2 scrolls of enchant armour {unknown}
 h - a scroll of magic mapping {unknown}
 l - 3 scrolls of remove curse {unknown}
 q - a scroll of immolation {unknown}
 u - a scroll of fog {unknown}
Potions
 b - 2 potions of flight
 g - 2 potions of mutation
 i - 2 potions of lignification {unknown}
 j - a potion of brilliance {unknown}
 k - a potion of resistance {unknown}
 n - a potion of curing
 o - a potion of heal wounds {unknown}
 r - a potion of degeneration {unknown}
 s - a potion of haste {unknown}
 t - a potion of might
Comestibles
 c - 8 rations
 v - a chunk of flesh


   Skills:
 + Level 1.4 Fighting
 + Level 2.8 Dodging
 + Level 3.5 Stealth
 + Level 5.1 Unarmed Combat
 * Level 3.4 Spellcasting
 * Level 3.3 Transmutations


You had 6 spell levels left.
You knew the following spells:

 Your Spells              Type           Power        Failure   Level  Hunger
a - Beastly Appendage     Tmut           ###...       8%          1    None
b - Sticks to Snakes      Tmut           ###.....     12%         2    ##.....
c - Spider Form           Tmut/Pois      #.........   36%         3    ###....

Your spell library contained the following spells:

 Spells                   Type           Power        Failure   Level  Hunger
 Ice Form                 Ice/Tmut       #.......     75%         4    ####...
 Blade Hands              Tmut           ###.......   86%         5    ######.


Dungeon Overview and Level Annotations

Branches:
Dungeon (4/15)            Ossuary (visited)
 Temple: D:4-7

Altars:
Vehumet
Xom


Innate Abilities, Weirdness & Mutations

You cannot wear most types of armour.
You are very stealthy in the water. (Stealth+)
You are amphibious.
You can wear up to eight rings at the same time.
You can use your tentacles to constrict eight enemies at once.
Your skin changes colour to match your surroundings (Stealth+).
Your rubbery body absorbs attacks. (AC +1, EV +1)
One of your tentacles bears a large vicious spike.
You are partially covered in large bone plates. (SH +4)
You possess an exceptional clarity of mind.
Your body sometimes deteriorates upon taking damage.
Your spells are a little harder to cast, but a little more powerful.


Message History

You feel your dexterity returning.
You have reached level 7!
The orc priest mumbles some strange prayers to Beogh against you.
Beogh smites you!
* * * LOW HITPOINT WARNING * * *
Your transformation is almost over.
The orc priest barely misses you.
Things that are here:
a +0 spear; a +0 robe You tentacle-slap the orc priest but do no damage.
Your grab misses the orc priest.
Your tentacle spike misses the orc priest.
The orc priest completely misses you.
You tentacle-slap the orc priest. You grab the orc priest.
You pierce the orc priest.
The orc priest is heavily wounded.
You constrict the orc priest.
The orc priest invokes the aid of Beogh against you.
Beogh smites you!
You die...

#....# ..
#.#### #.
#.# ##.#
#.######.#
o.%
#........#
. #..
#.########
...##.. #.#
.......##)#
#....lo@.#
#####.####
#. .. ###


You could see an orc priest and a leopard gecko.

Vanquished Creatures
  A bullfrog (D:2)
  A centaur zombie (Ossuary)
  2 human zombies (Ossuary)
  Jessica (D:2)
  An orc wizard (D:4)
  3 big kobold zombies (Ossuary)
  3 mummies (Ossuary)
  Robin (D:2)
  An adder (D:2)
  3 adder zombies (Ossuary)
  A worm (D:2)
  A dart slug (D:1)
  3 leopard geckos
  An orc (D:4)
  4 giant cockroaches
  19 goblins
  5 hobgoblins (D:1)
  10 jackals
  6 kobolds
  A quokka (D:3)
  4 bats
  7 frilled lizards
  2 gnoll zombies (Ossuary)
  A goblin zombie (Ossuary)
  5 hobgoblin zombies (Ossuary)
  5 jackal zombies (Ossuary)
  5 kobold zombies (Ossuary)
  3 orc zombies (Ossuary)
  A quokka zombie (Ossuary)
  6 rats
  4 rat zombies (Ossuary)
111 creatures vanquished.

Notes
Turn   | Place    | Note
-------+----------+-------------------------------------------
     0 | D:1      | H0rd4k the Octopode Transmuter began the quest for the Orb.
     0 | D:1      | Reached XP level 1. HP: 13/13 MP: 3/3
   282 | D:1      | Reached XP level 2. HP: 18/18 MP: 5/5
   305 | D:1      | Reached skill level 1 in Stealth
   660 | D:1      | Reached XP level 3. HP: 16/23 MP: 6/6
   969 | D:1      | Learned a level 2 spell: Sticks to Snakes
   973 | D:1      | Learned a level 3 spell: Spider Form
  1032 | D:2      | Noticed a bullfrog
  1447 | D:2      | Noticed Robin
  1879 | D:2      | Killed Robin
  1879 | D:2      | Reached XP level 4. HP: 28/28 MP: 5/7
  2115 | D:2      | Killed a bullfrog
  2115 | D:2      | Reached skill level 4 in Unarmed Combat
  2115 | D:2      | Reached XP level 5. HP: 28/33 MP: 6/9
  2201 | D:2      | Noticed Jessica
  2213 | D:2      | Killed Jessica
  2680 | D:3      | Found a radiant altar of Vehumet.
  2798 | D:3      | Found a shimmering altar of Xom.
  3101 | D:3      | Found a faded altar of an unknown god.
  3371 | D:4      | Found a sand-covered staircase.
  3375 | Ossuary  | Entered an ossuary
  3563 | Ossuary  | Reached XP level 6. HP: 20/38 MP: 10/10
  3861 | Ossuary  | Gained mutation: Your spells are a little harder to cast,
                  | but a little more powerful. [potion of mutation]
  3861 | Ossuary  | Gained mutation: Your body sometimes deteriorates upon
                  | taking damage. [potion of mutation]
  3861 | Ossuary  | Gained mutation: You possess an exceptional clarity of
                  | mind. [potion of mutation]
  3861 | Ossuary  | Gained mutation: You are partially covered in large bone
                  | plates. (SH +4) [potion of mutation]
  4400 | Ossuary  | Reached skill level 5 in Unarmed Combat
  4922 | D:4      | Reached XP level 7. HP: 24/43 MP: 10/12
  4925 | D:4      | Killed from afar by an orc priest

Illustrated notes

Levels and vault maps discovered:
D:1:      lightli_iron_boxes, layout_basic, skrybe_limestone_x
D:2:      layout_rooms, uniq_jessica, uniq_robin
D:3:      layout_rooms, old_standard_altar, lemuel_round_altar,
          chequers_ecumenical_altar_lobes
D:4:      layout_loops_corners, first_ration,
          nicolae_ossuary_entry_false_entrances, lightli_corner_chamber

Skill      XL: |  1  2  3  4  5  6 |
---------------+-------------------+-----
Stealth        | 1 2 3 |  3.5
Unarmed Combat | 4 5 |  5.1
Transmutations | 3 |  3.3
Spellcasting   | 3 |  3.4
Fighting       | |  1.4
Dodging        | |  2.8

Action                   |  1- 3 |  4- 6 |  7- 9 || total
-------------------------+-------+-------+-------++-------
Melee: Unarmed           |    82 |   203 |     2 ||   287
       Constrict         |    23 |    60 |     1 ||    84
       Tentacles         |    11 |    46 |       ||    57
       Kick              |     1 |     2 |     1 ||     4
       Punch             |       |    10 |       ||    10
 Cast: Beastly Appendage |     2 |     3 |       ||     5
  Use: Potion            |       |     4 |       ||     4
 Stab: Sleeping          |    10 |     6 |       ||    16
  Eat: Chunk             |     3 |     6 |       ||     9
       Ration            |       |     1 |       ||     1
Armor: Skin              |     8 |     9 |       ||    17
Dodge: Dodged            |    56 |   105 |     2 ||   163
Block: Other             |       |     1 |       ||     1
